Cogmind - Beta 16.1 @@@ ROGUE MODE // 2026.02.23 @ 22:48:53 // Winter2019/RPGLIKE Player: badjay Result: Destroyed by AP7-3 with Enhanced Gamma Rifle Performance ------------- Evolutions (8) 4000 Regions Visited (25) 5000 Robots Destroyed (471) 2355 Value Destroyed (25026) 25026 Prototype IDs (80) 1600 Alien Tech Used (6) 1200 Bonus (12766) 12766 TOTAL SCORE: 51947 Bonus ------- High Alert Combat Kills 4435 Follower Combat Kills 631 Network Hubs Disabled 800 Met Zhirov 300 Met Warlord at Base 500 MAIN.C Attacked Warlord 500 A7 Reached Mainframe 300 Read Decrypted Archives 300 Used Core Reset Matrix 3000 Met Warlord at Research 2000 Cogmind --------- Core Integrity 0/600 Matter 290/300 Energy 27/300 System Corruption 0% Temperature Cool (9) Movement Flying (12) Location -2/Protoforge Parts ------- > --- POWER (2) -------- Light Angular Momentum Engine Micro Antimatter Reactor > --- PROPULSION (6) --- Cooled Field Propulsion Drive Cooled Field Propulsion Drive Cooled Impulse Thruster Experimental Q-thruster Experimental Q-thruster > --- UTILITY (12) ----- Advanced Melee Analysis Suite Experimental Target Analyzer Experimental Core Analyzer Improved Armor Integrity Analyzer Nanoactuators Advanced Actuator Array Force Booster Experimental Reaction Control System Advanced Phase Shifter Graphene Brace Advanced Shield Generator Improved Corruption Screen > --- WEAPON (6) ------- Vibroblade Vibroblade Vibroblade Nanosword Sigix Broadsword > --- INVENTORY (2) ---- Protomatter-81 Structural Scanner Peak State ------------ > --- POWER ------------ Light Angular Momentum Engine Micro Antimatter Reactor > --- PROPULSION ------- Cooled Field Propulsion Drive Cooled Field Propulsion Drive Cooled Impulse Thruster Cooled Impulse Thruster Experimental Q-thruster Experimental Q-thruster > --- UTILITY ---------- Structural Scanner Advanced Melee Analysis Suite Experimental Target Analyzer Experimental Core Analyzer Improved Armor Integrity Analyzer Advanced Actuator Array Force Booster Experimental Reaction Control System Advanced Phase Shifter Advanced Shield Generator Experimental Force Field Improved Corruption Screen > --- WEAPON ----------- Vibroblade Vibroblade Vibroblade Nanosword Sigix Broadsword > --- INVENTORY -------- Protomatter Graphene Brace [Rating: 212] Favorites ----------- Power Light Angular Momentum Engine Engine Light Angular Momentum Engine Power Core Light Nuclear Core Reactor Micro Antimatter Reactor Propulsion Improved Surge Thruster Flight Unit Improved Surge Thruster Utility Structural Scanner Device Structural Scanner Processor Advanced Melee Analysis Suite Hackware Improved System Shield Weapon Shock Maul Energy Gun Subdweller Laser Ballistic Gun Subdweller Machine Gun Launcher Mini Grenade Launcher Impact Weapon Shock Maul Slashing Weapon Vibroblade Build | -11 -10 -10 -8 -8 -8 -6 -6 -6 -6 -6 -5 -5 -5 -5 -4 -4 -4 -4 -4 -3 -3 -3 -2 -2 -2 ------- Run | Yrd Mat Sub Mat Sto Rec Fac Ext Cet Arc Hub Fac Upp Upp War Pro Fac Upp Upp Zhi Pro Res Qua Res Tes Frg Slots Evolved 22 | . 3 3 1 3 2 2 . . . 1 1 . 2 1 . 2 . . . . . 1 . . . Power 1 | . . . . . . . . . . . . . 1 . . . . . . . . . . . . Propulsion 5 | . 3 . . . 1 . . . . . . . 1 . . . . . . . . . . . . Utility 11 | . . 2 1 1 1 1 . . . 1 1 . . 1 . 2 . . . . . . . . . Weapon 5 | . . 1 . 2 . 1 . . . . . . . . . . . . . . . 1 . . . Parts Attached 189 | . 10 7 9 13 2 11 5 . . 1 10 . 6 5 1 14 . . 3 . 4 6 67 15 . Power 14 | . 1 2 . 4 . 1 . . . . . . 1 2 1 . . . . . 1 1 . . . Engine 9 | . 1 2 . 4 . 1 . . . . . . . 1 . . . . . . . . . . . Core 2 | . . . . . . . . . . . . . 1 . 1 . . . . . . . . . . Reactor 3 | . . . . . . . . . . . . . . 1 . . . . . . 1 1 . . . Propulsion 42 | . 7 . 5 2 1 5 . . . . 5 . 1 1 . 5 . . 2 . 2 1 2 3 . Treads . | . . . . . . . . . . . . . . . . . . . . . . . . . . Leg . | . . . . . . . . . . . . . . . . . . . . . . . . . . Wheel . | . . . . . . . . . . . . . . . . . . . . . . . . . . Hover . | . . . . . . . . . . . . . . . . . . . . . . . . . . Flight 42 | . 7 . 5 2 1 5 . . . . 5 . 1 1 . 5 . . 2 . 2 1 2 3 . Utility 102 | . 1 2 2 1 1 5 3 . . 1 4 . . 2 . 5 . . 1 . 1 1 60 12 . Device 72 | . 1 2 1 . 1 2 1 . . . 2 . . 2 . 4 . . 1 . 1 . 42 12 . Storage . | . . . . . . . . . . . . . . . . . . . . . . . . . . Processor 29 | . . . 1 1 . 2 2 . . 1 2 . . . . 1 . . . . . 1 18 . . Hackware 1 | . . . . . . 1 . . . . . . . . . . . . . . . . . . . Protection . | . . . . . . . . . . . . . . . . . . . . . . . . . . Artifact . | . . . . . . . . . . . . . . . . . . . . . . . . . . Weapon 31 | . 1 3 2 6 . . 2 . . . 1 . 4 . . 4 . . . . . 3 5 . . Energy Gun 1 | . . 1 . . . . . . . . . . . . . . . . . . . . . . . Energy Cannon . | . . . . . . . . . . . . . . . . . . . . . . . . . . Ballistic Gun 2 | . . 2 . . . . . . . . . . . . . . . . . . . . . . . Ballistic Cannon . | . . . . . . . . . . . . . . . . . . . . . . . . . . Launcher 1 | . 1 . . . . . . . . . . . . . . . . . . . . . . . . Special Weapon . | . . . . . . . . . . . . . . . . . . . . . . . . . . Impact Weapon 18 | . . . 2 5 . . 1 . . . 1 . 4 . . 4 . . . . . 1 . . . Slashing Weapon 9 | . . . . 1 . . 1 . . . . . . . . . . . . . . 2 5 . . Piercing Weapon . | . . . . . . . . . . . . . . . . . . . . . . . . . . Special Melee Weapon . | . . . . . . . . . . . . . . . . . . . . . . . . . . Unidentified Prototypes 42 | . 1 1 1 2 . . . . . . 1 . . 4 . 3 . . 3 . 1 7 9 9 . Parts Lost 2 | . . . . . . 1 . . . . . . . . . 1 . . . . . . . . . Power 1 | . . . . . . . . . . . . . . . . 1 . . . . . . . . . Propulsion . | . . . . . . . . . . . . . . . . . . . . . . . . . . Utility 1 | . . . . . . 1 . . . . . . . . . . . . . . . . . . . Weapon . | . . . . . . . . . . . . . . . . . . . . . . . . . . Highest Loss Streak 1 | . . . . . . 1 . . . . . . . . . 1 . . . . . . . . . To Critical Strikes . | . . . . . . . . . . . . . . . . . . . . . . . . . . Average Backups . | . . . . . 1 1 1 1 1 1 1 1 1 1 1 1 1 1 1 1 . . . 1 1 Power . | . . . . . . . . . . . . . . . . . . . . . . . . . . Propulsion . | . . . . . . . . . . . . . . . . . . . . . . . . . . Utility . | . . . . . . . . . . . . . . . . . . . . . . . . 1 1 Weapon . | . . . . . . . . . . . . . . . . . . . . . . . . . . Tool/Special . | . . . . . . . . . . . . . . . . . . . . . . . . . . Unused Backups 1 | . . . . . . . . . . . . . . . . . . . . . 1 . . . . Power . | . . . . . . . . . . . . . . . . . . . . . . . . . . Propulsion . | . . . . . . . . . . . . . . . . . . . . . . . . . . Utility . | . . . . . . . . . . . . . . . . . . . . . . . . . . Weapon . | . . . . . . . . . . . . . . . . . . . . . . . . . . Tool/Special 1 | . . . . . . . . . . . . . . . . . . . . . 1 . . . . Average Slot Usage (%) 97 | . 84 96 97 93 99 96 98 100 100 100 99 100 99 97 100 99 100 100 100 100 100 91 93 95 95 Engine 4 | . 5 7 7 1 6 5 5 5 5 5 5 5 4 6 4 4 4 4 4 4 4 3 3 3 3 Flight 29 | . 54 43 38 29 30 28 27 27 27 26 24 25 25 26 26 24 24 24 24 24 24 23 23 22 22 Device 24 | . 13 26 28 22 24 23 22 22 22 21 20 20 19 18 21 24 28 28 28 28 28 26 25 25 26 Processor 15 | . . . 3 13 12 12 16 16 16 19 23 25 24 21 21 20 20 20 20 20 20 19 19 19 19 Ballistic Gun 1 | . . 7 4 . . . . . . . . . . . . . . . . . . . . . . Impact Weapon 15 | . . . 11 25 25 23 24 27 27 26 25 25 24 21 21 20 20 20 20 20 20 7 . . . Slashing Weapon 2 | . . . . . . . . . . . . . . . . . . . . . . 5 16 19 19 Peak Build Rating 212 | . 14 22 29 40 44 68 72 70 70 74 93 93 108 120 118 144 144 144 146 145 154 210 210 212 209 Average Rating 100 | . 11 19 25 34 43 59 68 70 70 72 85 93 96 105 117 125 144 144 144 145 149 188 199 204 208 On Entrance 96 | . . 14 22 27 40 44 66 70 70 70 74 93 93 102 118 118 144 144 144 145 145 154 210 203 209 Avg Prop Armor Cover (%) 5 | . 13 5 10 5 3 2 . . . . 5 . 2 1 . 4 . . . . . . . . . Naked Turns 16 | . 16 . . . . . . . . . . . . . . . . . . . . . . . . Heaviest Build 69 | . 5 17 19 27 29 32 36 36 36 36 40 39 39 42 45 51 51 51 51 51 54 69 69 65 65 Greatest Support 84 | 3 19 19 24 29 38 40 45 45 45 45 50 50 51 51 57 59 65 65 57 69 73 81 84 84 77 Greatest Overweight (x) 1 | . . . . . . . . . . . 1 . . . . 1 . . . . . 1 1 1 . Average Overweight (x) . | . . . . . . . . . . . . . . . . . . . . . . . . . . Largest Inventory Capacity 2 | . . . . 1 1 1 1 1 1 1 1 1 1 1 2 2 2 2 2 2 2 2 2 2 2 Average Capacity 1 | . . . . . 1 1 1 1 1 1 1 1 1 1 1 2 2 2 2 2 2 2 2 2 2 Most Carried 2 | . . . . 1 1 1 1 1 1 1 1 1 1 1 2 2 2 2 2 2 2 2 2 2 2 Average Carried 1 | . . . . . 1 1 1 1 1 1 1 1 1 1 1 2 2 2 2 2 1 1 1 2 2 Final Capacity 2 | . . . . 1 1 1 1 1 1 1 1 1 1 1 2 2 2 2 2 2 2 2 2 2 2 Final Carried 2 | . . . . 1 1 1 1 1 1 1 1 1 1 1 2 2 2 2 2 2 2 2 2 2 2 Class Distribution -------------------- 68% | Hacker-Sprinter 10% | Commander-Sprinter 5% | Machinist-Sprinter 5% | Mutant 4% | Sprinter 4% | Derelict-Sprinter Dominant Class ---------------- Mutant | -10/Materials Derelict-Sprinter | -10/Subcaves Hacker-Sprinter | -8/Materials Commander-Sprinter | -8/Storage Commander-Sprinter | -8/Recycling Commander-Sprinter | -6/Factory Hacker-Sprinter | -6/Extension Hacker-Sprinter | -6/Cetus Hacker-Sprinter | -6/Archives Hacker-Sprinter | -6/Hub_04(d) Hacker-Sprinter | -5/Factory Hacker-Sprinter | -5/Upper Caves Hacker-Sprinter | -5/Upper Caves Hacker-Sprinter | -5/Warlord Hacker-Sprinter | -4/Proximity Caves Hacker-Sprinter | -4/Factory Hacker-Sprinter | -4/Upper Caves Hacker-Sprinter | -4/Upper Caves Hacker-Sprinter | -4/Zhirov Hacker-Sprinter | -3/Proximity Caves Hacker-Sprinter | -3/Research Machinist-Sprinter | -3/Quarantine Hacker-Sprinter | -2/Research Hacker-Sprinter | -2/Testing Hacker-Sprinter | -2/Protoforge Resources | -11 -10 -10 -8 -8 -8 -6 -6 -6 -6 -6 -5 -5 -5 -5 -4 -4 -4 -4 -4 -3 -3 -3 -2 -2 -2 ----------- Run | Yrd Mat Sub Mat Sto Rec Fac Ext Cet Arc Hub Fac Upp Upp War Pro Fac Upp Upp Zhi Pro Res Qua Res Tes Frg Matter Collected 3288 | 78 402 162 120 140 20 126 65 . . 15 100 . 70 . 90 170 40 . 70 . 50 180 1080 310 . Remotely . | . . . . . . . . . . . . . . . . . . . . . . . . . . Salvage Created 22238 | . 186 2 924 702 119 1884 2365 84 37 61 1016 965 651 . 771 2359 316 961 202 837 1970 840 2796 1889 301 Parts 600 | . 23 2 21 23 4 33 34 4 . 3 10 14 22 . 19 63 6 12 2 15 56 43 115 54 22 Haulers Intercepted 19 | . . . 3 3 . 6 . . . . . . . . . 2 . . . . . . 3 2 . Recyclers Shooed 1 | . 1 . . . . . . . . . . . . . . . . . . . . . . . . Parts Field Recycled . | . . . . . . . . . . . . . . . . . . . . . . . . . . Retrieved Matter . | . . . . . . . . . . . . . . . . . . . . . . . . . . Parts Self-Destructed 55 | . . 3 . . . . . . . . . 11 12 . 13 . 5 2 . 9 . . . . . Prevented 44 | . . . . . . . . . . . . 3 15 . 10 . 1 10 . 5 . . . . . Parts Restored . | . . . . . . . . . . . . . . . . . . . . . . . . . . Kills | -11 -10 -10 -8 -8 -8 -6 -6 -6 -6 -6 -5 -5 -5 -5 -4 -4 -4 -4 -4 -3 -3 -3 -2 -2 -2 ------- Run | Yrd Mat Sub Mat Sto Rec Fac Ext Cet Arc Hub Fac Upp Upp War Pro Fac Upp Upp Zhi Pro Res Qua Res Tes Frg Combat Hostiles Destroyed 395 | . 15 3 18 12 3 22 43 3 . 1 15 28 24 . 16 46 13 18 . 14 41 10 29 15 6 Melee 203 | . . . 3 4 1 8 26 . . 1 8 14 13 . 8 12 6 11 . 7 21 10 29 15 6 Guns 4 | . . . 4 . . . . . . . . . . . . . . . . . . . . . . Cannons 2 | . . . . . . . . . . . . . 1 . . . . . . . 1 . . . . AOE 19 | . 15 3 . . . . . . . . 1 . . . . . . . . . . . . . . Classes Destroyed 25 | . 6 . 3 1 3 2 . . . . . . 1 . 2 . . . . 1 1 1 3 1 . Worker 3 | . 1 . . . . 1 . . . . . . . . . 1 . . . . . . . . . Builder 2 | . . . 1 . . . . . . . . . . . . 1 . . . . . . . . . Tunneler 1 | . . . . . 1 . . . . . . . . . . . . . . . . . . . . Hauler 19 | . . . 3 3 . 6 . . . . . . . . . 2 . . . . . . 3 2 . Recycler 2 | . 1 . . . . . 1 . . . . . . . . . . . . . . . . . . Carrier 1 | . . . . . . . . . . . . . . . 1 . . . . . . . . . . Operator 9 | . 1 . . . . 4 1 . . . . . . . . 1 . . . . . 2 . . . Watcher 36 | . 2 . 2 2 . 5 2 . . 2 4 . . . . 4 . . . . 3 3 4 3 . Swarmer 80 | . 6 3 5 . . 2 2 . . . . 13 12 . 3 4 1 8 . 3 13 . 5 . . Cutter 2 | . . . . . . . . . . . . . . . . . . . . . 2 . . . . Grunt 140 | . 9 . 7 3 . 12 10 . . . 12 6 6 . 8 24 4 5 . 3 16 5 6 4 . Brawler 11 | . . . . . . 1 1 . . . . 3 . . 1 1 2 2 . . . . . . . Duelist 13 | . . . . . 1 1 . . . . . 2 . . 1 . 3 1 . 1 1 . 2 . . Protector 1 | . . . . . 1 . . . . . . . . . . . . . . . . . . . . Sentry 64 | . . . 6 8 1 5 12 . . 1 2 2 2 . 2 4 2 2 . 1 4 . 7 . 3 Demolisher 1 | . . . . . . . . . . . . . . . . . . . . . . . 1 . . Specialist 1 | . . . . . . . . . . . . . . . . . . . . 1 . . . . . Hunter 30 | . . . . 1 . . . . . . 1 . 3 . . 8 . . . 4 4 . 2 7 . Programmer 21 | . . . . . . 1 . . . . . 2 . . . 4 1 . . 1 3 4 2 3 . Behemoth 4 | . . . . . . . . . . . . . . . 1 1 . . . 1 . . 1 . . Cetus Guard 3 | . . . . . . . . 3 . . . . . . . . . . . . . . . . . Decapitator 3 | . . . . . . . . . . . . . . . . . . . . . . . . . 3 Striker 1 | . . . . . . . . . . . . . . . . . . . . . . . 1 . . Executioner 2 | . . . . . . . . . . . . . . . . . . . . . . . 2 . . Alpha 7 1 | . . . . . . . . . . . . . . . . . . . . . . 1 . . . Fortress 1 | . . . . . . . . . . . . . . . . . . . . . . . . 1 . Thug 4 | . . . . . . . 4 . . . . . . . . . . . . . . . . . . Savage 6 | . . . . . . . 6 . . . . . . . . . . . . . . . . . . Butcher 4 | . . . . . . . 4 . . . . . . . . . . . . . . . . . . Guerrilla 4 | . . . . . . . 4 . . . . . . . . . . . . . . . . . . Mutant 1 | . . . . . . . . . . . . . 1 . . . . . . . . . . . . Best Kill Streak 20 | . 9 3 5 6 3 6 20 3 . 2 5 5 6 . 5 12 11 8 . 4 12 8 5 5 4 Combat Bots Only 20 | . 7 3 4 5 2 4 20 3 . 1 5 7 6 . 5 12 11 8 . 4 15 6 5 5 4 Max Kills in Single Turn 3 | . 3 3 1 1 1 2 1 1 . 1 1 2 2 . 2 2 1 1 . 1 2 1 2 1 2 Gunslinging . | . . . . . . . . . . . . . . . . . . . . . . . . . . Exploded 3 | . 3 3 . . . . . . . . 1 . . . . . . . . . . . . . . Melee 2 | . . . 1 1 1 1 1 . . 1 1 2 2 . 2 1 1 1 . 1 2 1 2 1 2 Uniques/NPCs Destroyed . | . . . . . . . . . . . . . . . . . . . . . . . . . . Combat | -11 -10 -10 -8 -8 -8 -6 -6 -6 -6 -6 -5 -5 -5 -5 -4 -4 -4 -4 -4 -3 -3 -3 -2 -2 -2 -------- Run | Yrd Mat Sub Mat Sto Rec Fac Ext Cet Arc Hub Fac Upp Upp War Pro Fac Upp Upp Zhi Pro Res Qua Res Tes Frg Hostile Shots Fired 1494 | . 32 45 87 48 4 72 120 31 . 48 90 81 78 . 79 219 19 30 . 67 142 30 66 86 20 Missed 840 | . 16 26 42 19 3 40 73 12 . 34 50 42 40 . 45 131 11 13 . 45 102 12 38 41 5 Hits 654 | . 16 19 45 29 1 32 47 19 . 14 40 39 38 . 34 88 8 17 . 22 40 18 28 45 15 Melee 16 | . . . . . . 2 . . . . . 1 . . 2 1 1 . . . . . 2 . 7 Projectile 638 | . 16 19 45 29 1 30 47 19 . 14 40 38 38 . 32 87 7 17 . 22 40 18 26 45 8 AOE 5 | . . . . . . . . . . . 2 . . . . . . . . . 1 . 2 . . Critical Strikes 34 | . . . 1 2 . . . 5 . . 3 . . . 3 5 . . . . 2 2 1 4 6 Actively Blocked 4 | . . . . . . . . . . . . . . . . . . . . . . . . . 4 Part Disruptions 2 | . . . . . . . . . . . 1 . . . . 1 . . . . . . . . . Damage Taken 10861 | . 221 149 575 430 14 478 398 446 . 192 826 506 482 . 511 1505 143 226 . 338 661 681 610 967 502 Core 8725 | . 194 119 483 353 11 374 313 373 . 157 663 405 387 . 411 1185 113 177 . 267 528 548 499 764 401 Absorbed by Shields 2934 | . . . . . . 133 162 103 . 59 190 185 176 . 187 548 50 85 . 126 242 146 219 262 61 Redirected to Core 7356 | . 84 84 314 278 11 370 268 272 . 120 570 349 327 . 329 1049 100 165 . 237 449 470 395 745 370 Regen/Repaired (Parts) 218 | . . . . . . . . . . . . . . . . . . . . . . 30 31 124 33 Core Remaining (%) 89 | 100 . 82 . . 100 . . . . 70 . . . . 100 . . . . 91 . 80 . . . Volleys Fired 64 | . 18 36 10 . . . . . . . . . . . . . . . . . . . . . . Largest 2 | . 1 2 2 . . . . . . . . . . . . . . . . . . . . . . Hottest 90 | . 30 90 90 . . . . . . . . . . . . . . . . . . . . . . Shots Fired 94 | . 18 57 19 . . . . . . . . . . . . . . . . . . . . . . Gun 73 | . . 54 19 . . . . . . . . . . . . . . . . . . . . . . Cannon . | . . . . . . . . . . . . . . . . . . . . . . . . . . Launcher 21 | . 18 3 . . . . . . . . . . . . . . . . . . . . . . . Special . | . . . . . . . . . . . . . . . . . . . . . . . . . . Kinetic 31 | . . 21 10 . . . . . . . . . . . . . . . . . . . . . . Thermal 42 | . . 33 9 . . . . . . . . . . . . . . . . . . . . . . Explosive 21 | . 18 3 . . . . . . . . . . . . . . . . . . . . . . . Electromagnetic . | . . . . . . . . . . . . . . . . . . . . . . . . . . Robot Hit Streak 6 | . 2 1 6 . . . . . . . . . . . . . . . . . . . . . . Robot Miss Streak 4 | . 2 . 4 . . . . . . . . . . . . . . . . . . . . . . Penetration Max . | . . . . . . . . . . . . . . . . . . . . . . . . . . Secondary Targets 3 | . . . 3 . . . . . . . . . . . . . . . . . . . . . . Max Gunslinging Chain 1 | . . . 1 . . . . . . . . . . . . . . . . . . . . . . Shots Hit Robots 1063 | . 2 1 60 38 11 87 107 18 1 9 44 70 50 . 45 130 37 34 5 36 82 28 84 68 16 Core Hits 256 | . 29 3 10 7 2 15 21 1 . 2 6 9 8 . 7 16 3 5 1 6 18 13 39 28 7 Critical Kills 38 | . . . 1 3 . 3 5 . . 1 5 3 2 . 2 2 . 2 . 1 7 1 . . . Critical Parts Destroyed 223 | . . . 11 9 1 12 22 3 . 1 9 17 12 . 11 31 19 14 1 13 36 1 . . . Critical Strikes 308 | . . . 13 12 1 15 29 3 . 2 14 21 16 . 13 35 21 16 1 15 46 5 11 12 7 Destroy 1 | . . . 1 . . . . . . . . . . . . . . . . . . . . . . Smash 274 | . . . 12 12 1 15 29 3 . 2 14 21 16 . 13 35 21 16 1 15 46 2 . . . Sever 33 | . . . . . . . . . . . . . . . . . . . . . . 3 11 12 7 Melee Attacks 1439 | . . . 60 49 18 116 138 18 2 14 71 96 65 11 58 180 45 50 7 50 109 46 107 106 23 Impact 1166 | . . . 60 46 18 116 136 18 2 14 71 96 65 11 58 180 45 50 7 50 109 14 . . . Slashing 273 | . . . . 3 . . 2 . . . . . . . . . . . . . . 32 107 106 23 Piercing . | . . . . . . . . . . . . . . . . . . . . . . . . . . Sneak Attacks 167 | . . . 5 8 5 17 55 . . 3 2 14 2 . 1 17 7 8 . 1 5 1 8 6 2 Combat Hostiles 41 | . . . 1 3 . 2 4 . . 2 2 3 2 . . 12 1 1 . . 3 1 2 . 2 Follow-up Attacks 400 | . . . 10 10 2 28 34 10 . 3 16 33 17 . 18 51 20 12 2 13 34 6 32 38 11 Damage Inflicted 81129 | . 1418 155 2473 2135 942 5516 8306 778 139 607 2876 4607 3056 . 2663 10017 2697 2990 696 3078 6372 3000 8718 6446 1444 Guns 293 | . . . 293 . . . . . . . . . . . . . . . . . . . . . . Cannons . | . . . . . . . . . . . . . . . . . . . . . . . . . . Explosions 1809 | . 1418 155 . . . . . . . . . . . . . 236 . . . . . . . . . Melee 79027 | . . . 2180 2135 942 5516 8306 778 139 607 2876 4607 3056 . 2663 9781 2697 2990 696 3078 6372 3000 8718 6446 1444 Ramming . | . . . . . . . . . . . . . . . . . . . . . . . . . . Kinetic 168 | . . . 168 . . . . . . . . . . . . . . . . . . . . . . Thermal 125 | . . . 125 . . . . . . . . . . . . . . . . . . . . . . Explosive 1809 | . 1418 155 . . . . . . . . . . . . . 236 . . . . . . . . . Electromagnetic . | . . . . . . . . . . . . . . . . . . . . . . . . . . Impact 59714 | . . . 2180 2105 942 5516 8243 778 139 607 2876 4607 3056 . 2663 9781 2697 2990 696 3078 6372 388 . . . Slashing 19313 | . . . . 30 . . 63 . . . . . . . . . . . . . . 2612 8718 6446 1444 Piercing . | . . . . . . . . . . . . . . . . . . . . . . . . . . Highest Corruption 4 | . . . . . . 2 2 1 1 4 . . . . . . . . . . . . . . . Average Corruption 1 | . . . . . . 2 1 1 1 1 . . . . . . . . . . . . . . . Corruption Purged 2 | . . . . . . . 2 . . . . . . . . . . . . . . . . . . Corruption Blocked 14 | . . . . . . . . . . . 2 1 . . . . 1 . . . 2 1 2 4 1 Effects 11 | . . . . . . 5 2 2 . 2 . . . . . . . . . . . . . . . Message Errors 2 | . . . . . . . . . . 2 . . . . . . . . . . . . . . . Matter Fused 4 | . . . . . . 2 1 1 . . . . . . . . . . . . . . . . . Heat Flow Errors 1 | . . . . . . 1 . . . . . . . . . . . . . . . . . . . Energy Discharges 3 | . . . . . . 1 1 1 . . . . . . . . . . . . . . . . . Data Loss (major) 1 | . . . . . . 1 . . . . . . . . . . . . . . . . . . . Overload Shots . | . . . . . . . . . . . . . . . . . . . . . . . . . . Overflow Damage 27007 | . 24 . 717 729 412 1926 2954 157 79 232 1097 2024 1230 . 854 3964 1658 1712 491 1456 3140 521 906 676 48 Projectiles 124 | . . . . . . . . . . . 1 . 31 . . 92 . . . . . . . . . Explosions 24 | . 24 . . . . . . . . . . . . . . . . . . . . . . . . Melee 26859 | . . . 717 729 412 1926 2954 157 79 232 1096 2024 1199 . 854 3872 1658 1712 491 1456 3140 521 906 676 48 Knockbacks 182 | . . . 4 2 3 20 22 . 1 1 12 16 8 . 8 43 4 5 . 9 22 2 . . . Impact 158 | . . . 4 2 3 19 20 . 1 1 11 15 7 . 7 33 4 5 . 7 17 2 . . . Kinetic . | . . . . . . . . . . . . . . . . . . . . . . . . . . Secondary 24 | . . . . . . 1 2 . . . 1 1 1 . 1 10 . . . 2 5 . . . . Self-Inflicted Damage 239 | . 59 19 . . . . . . . . . . . . . 161 . . . . . . . . . Shots 5 | . 2 1 . . . . . . . . . . . . . 2 . . . . . . . . . Rammed . | . . . . . . . . . . . . . . . . . . . . . . . . . . Targets Rammed . | . . . . . . . . . . . . . . . . . . . . . . . . . . Kicked . | . . . . . . . . . . . . . . . . . . . . . . . . . . Crushed . | . . . . . . . . . . . . . . . . . . . . . . . . . . Highest Temperature 288 | . 7 2 238 7 8 288 276 187 82 175 84 47 6 5 68 168 . . . 15 87 89 114 24 . Average Temperature 53 | . 3 1 97 7 8 60 43 36 46 33 43 20 4 5 41 69 . . . 9 47 42 63 15 . Received Heat Transfer 1780 | . 66 96 144 153 9 78 127 55 . 18 241 30 54 . 83 257 12 18 . 18 110 27 60 100 24 Effects 4 | . . . . . . 4 . . . . . . . . . . . . . . . . . . . Energy Bleed 1 | . . . . . . 1 . . . . . . . . . . . . . . . . . . . Interference 3 | . . . . . . 3 . . . . . . . . . . . . . . . . . . . Siege Activations . | . . . . . . . . . . . . . . . . . . . . . . . . . . Martial Activations . | . . . . . . . . . . . . . . . . . . . . . . . . . . Shielding Activations . | . . . . . . . . . . . . . . . . . . . . . . . . . . Robots Disrupted . | . . . . . . . . . . . . . . . . . . . . . . . . . . Combat Hostiles . | . . . . . . . . . . . . . . . . . . . . . . . . . . Robots Corrupted 192 | . . . 13 10 4 19 19 3 1 . 7 15 10 . 9 37 7 7 . 7 23 1 . . . Combat Hostiles 162 | . . . 11 7 3 14 13 3 . . 6 15 10 . 8 33 6 7 . 7 19 . . . . Parts Fried 278 | . . . 22 10 8 26 29 2 . . 14 13 14 . 6 48 12 11 1 14 45 3 . . . Impact Corruptions 640 | . . . 29 26 14 59 68 4 5 8 28 57 33 . 19 94 36 41 8 27 79 5 . . . Robots Melted . | . . . . . . . . . . . . . . . . . . . . . . . . . . Combat Hostiles . | . . . . . . . . . . . . . . . . . . . . . . . . . . Parts Melted 1 | . . . . . . . . . . . . . . . . . . . . . 1 . . . . Heat Transferred 150 | . . . 150 . . . . . . . . . . . . . . . . . . . . . . Parts Sabotaged . | . . . . . . . . . . . . . . . . . . . . . . . . . . Parts Stolen . | . . . . . . . . . . . . . . . . . . . . . . . . . . Parts Stripped . | . . . . . . . . . . . . . . . . . . . . . . . . . . Power Chain Reactions . | . . . . . . . . . . . . . . . . . . . . . . . . . . Alert | -11 -10 -10 -8 -8 -8 -6 -6 -6 -6 -6 -5 -5 -5 -5 -4 -4 -4 -4 -4 -3 -3 -3 -2 -2 -2 ------- Run | Yrd Mat Sub Mat Sto Rec Fac Ext Cet Arc Hub Fac Upp Upp War Pro Fac Upp Upp Zhi Pro Res Qua Res Tes Frg Maximum Alert Level 4 | . 2 . 2 2 1 2 4 3 1 2 2 . . . . 4 . . . . 3 2 3 3 3 Low Security (%) 19 | 100 29 . 17 8 71 52 10 . . 48 . . . . . 9 . . . . 18 9 23 . . Level 1 27 | . 19 . 72 26 28 28 23 . 100 42 48 . . . . 16 . . . . 16 61 10 . . Level 2 35 | . 50 . 9 65 . 19 35 69 . 8 51 . . . . 8 . . . . 26 29 62 30 91 Level 3 11 | . . . . . . . 18 30 . . . . . . . 17 . . . . 38 . 4 69 8 Level 4 5 | . . . . . . . 11 . . . . . . . . 47 . . . . . . . . . Level 5 . | . . . . . . . . . . . . . . . . . . . . . . . . . . High Security . | . . . . . . . . . . . . . . . . . . . . . . . . . . Max Security . | . . . . . . . . . . . . . . . . . . . . . . . . . . Peak Influence 1471 | . 482 . 439 675 252 507 1134 721 287 473 677 . . . . 1471 . . . . 1088 508 757 939 721 Initial 621 | . . . . 131 247 39 129 621 267 96 226 . . . . 107 . . . . 96 247 108 423 519 Average 459 | . 295 . 291 430 160 217 559 681 280 243 416 . . . . 898 . . . . 590 306 438 757 633 Influence Increases 15794 | . 612 220 992 782 187 1112 1415 117 20 417 1011 780 560 . 425 1949 375 400 10 340 1268 463 1293 764 282 Destroy 0b10 Robot/C 8660 | . 300 100 540 320 80 600 940 80 . 20 360 560 460 . 340 920 260 360 . 280 840 200 680 300 120 Destroy 0b10 Robot/NC 440 | . 25 . 35 35 30 80 25 5 5 10 20 5 . . . 45 . 5 10 5 15 25 35 25 . Destroy Leader 1520 | . 84 . 152 120 . 162 64 . . 14 58 50 40 . 40 180 10 20 . 40 156 46 204 50 30 Allied During Kill 659 | . . . 18 166 37 81 226 25 . . 4 . . . . . . . . . 95 . 7 . . Successful Hack 1161 | . 7 . 47 64 38 34 18 7 . 7 212 . . . . 241 . . . . 96 126 4 203 57 Select Force Hacks 200 | . . . . . . . . . . 200 . . . . . . . . . . . . . . . Disable Machine 300 | . 15 . 15 30 . . . . 15 . . . . . . 90 . . . . . 60 . 75 . Anti-Garrison Action 150 | . . . . . . . . . . . . . . . . 150 . . . . . . . . . Destroy Structure 364 | . 106 . 5 2 2 5 7 . . 1 12 . . . . 98 . . . . 6 6 93 21 . Partial Spotted 720 | . 30 . 90 30 . 75 60 . . 45 45 . . . . 75 . . . . 30 . 105 60 75 Lose Combat Pursuer 1620 | . 45 120 90 15 . 75 75 . . 120 300 165 60 . 45 150 105 15 . 15 30 . 165 30 . Influence Decreases 15073 | . 224 608 680 459 728 941 570 559 411 231 1125 432 339 918 254 904 641 341 1019 196 972 711 732 594 484 Entered New Map 6200 | . . 187 . 181 388 55 136 489 401 181 237 130 133 918 . 64 451 181 1009 . 48 193 84 330 404 Time Decay 5293 | . 224 351 340 278 170 356 254 70 10 50 278 302 206 . 254 350 190 160 10 196 254 198 478 254 60 Search Patrol Dispatched 200 | . . . . . . . . . . . 200 . . . . . . . . . . . . . . Lost Part 20 | . . . . . . 10 . . . . . . . . . 10 . . . . . . . . . Lost Ally 960 | . . 70 40 . 20 220 180 . . . 110 . . . . 30 . . . . 70 20 170 10 20 Purge Threat 2400 | . . . 300 . 150 300 . . . . 300 . . . . 450 . . . . 600 300 . . . Squads Dispatched 53 | . 4 . 2 . . 7 1 . . 4 8 . . . 1 8 . . . . 8 3 . 6 1 Investigation 21 | . 2 . . . . 4 1 . . 4 4 . . . . 2 . . . . 3 . . 1 . Extermination 13 | . . . . . . 2 . . . . 2 . . . . 2 . . . . 2 2 . 3 . Reinforcement 11 | . 2 . 2 . . 1 . . . . . . . . . . . . . . 3 1 . 1 1 Assault 6 | . . . . . . . . . . . . . . . 1 4 . . . . . . . 1 . Garrison 2 | . . . . . . . . . . . 2 . . . . . . . . . . . . . . Intercept . | . . . . . . . . . . . . . . . . . . . . . . . . . . Searches Triggered 2 | . . . . . . . . . . . 2 . . . . . . . . . . . . . . Construction Impeded . | . . . . . . . . . . . . . . . . . . . . . . . . . . Haulers Reinforced 1 | . . . . . . . . . . . . . . . . . . . . . 1 . . . . Active Scanning Responses . | . . . . . . . . . . . . . . . . . . . . . . . . . . Cargo Convoy Interrupts . | . . . . . . . . . . . . . . . . . . . . . . . . . . Stealth | -11 -10 -10 -8 -8 -8 -6 -6 -6 -6 -6 -5 -5 -5 -5 -4 -4 -4 -4 -4 -3 -3 -3 -2 -2 -2 --------- Run | Yrd Mat Sub Mat Sto Rec Fac Ext Cet Arc Hub Fac Upp Upp War Pro Fac Upp Upp Zhi Pro Res Qua Res Tes Frg Distress Signals 29 | . 3 . 1 2 1 3 1 2 . 1 1 . . . . 3 . . . . 3 1 6 1 . Communications Jammed . | . . . . . . . . . . . . . . . . . . . . . . . . . . Distress Signals . | . . . . . . . . . . . . . . . . . . . . . . . . . . Times Spotted 592 | . 22 15 38 19 6 34 34 10 . 26 48 34 28 . 19 66 17 17 . 16 49 17 38 22 17 Peak Tracking Total 19 | . 6 6 6 7 2 5 6 5 . 19 12 7 7 . 5 8 9 7 . 4 8 4 6 7 11 Tactical Retreats 52 | . 1 4 3 1 . 3 3 . . 2 4 4 3 . 3 6 4 1 . 1 2 . 6 1 . Traps | -11 -10 -10 -8 -8 -8 -6 -6 -6 -6 -6 -5 -5 -5 -5 -4 -4 -4 -4 -4 -3 -3 -3 -2 -2 -2 ------- Run | Yrd Mat Sub Mat Sto Rec Fac Ext Cet Arc Hub Fac Upp Upp War Pro Fac Upp Upp Zhi Pro Res Qua Res Tes Frg Traps Triggered 6 | . 2 . 1 . . . . . . . . . . . . 2 . . . . 1 . . . . Indirectly . | . . . . . . . . . . . . . . . . . . . . . . . . . . Trap Hack Attempts . | . . . . . . . . . . . . . . . . . . . . . . . . . . Triggered . | . . . . . . . . . . . . . . . . . . . . . . . . . . Disarmed . | . . . . . . . . . . . . . . . . . . . . . . . . . . Reprogrammed . | . . . . . . . . . . . . . . . . . . . . . . . . . . Reused . | . . . . . . . . . . . . . . . . . . . . . . . . . . Traps Extracted . | . . . . . . . . . . . . . . . . . . . . . . . . . . Installed . | . . . . . . . . . . . . . . . . . . . . . . . . . . Triggered . | . . . . . . . . . . . . . . . . . . . . . . . . . . Machines | -11 -10 -10 -8 -8 -8 -6 -6 -6 -6 -6 -5 -5 -5 -5 -4 -4 -4 -4 -4 -3 -3 -3 -2 -2 -2 ---------- Run | Yrd Mat Sub Mat Sto Rec Fac Ext Cet Arc Hub Fac Upp Upp War Pro Fac Upp Upp Zhi Pro Res Qua Res Tes Frg Machines Disabled 28 | . 1 2 1 2 . . . . 1 . . . 2 1 . 7 1 . . 1 . 4 . 5 . Max in Single Turn 1 | . 1 . . 1 . . . . 1 . . . 1 1 . 1 1 . . 1 . 1 . 1 . Garrison Access 9 | . . . . 1 . 3 . . . . . . . . . 1 . . . . . . 3 1 . Network Hub 4 | . . . . . . . . . . 4 . . . . . . . . . . . . . . . Machines Repaired . | . . . . . . . . . . . . . . . . . . . . . . . . . . Machines Dismantled . | . . . . . . . . . . . . . . . . . . . . . . . . . . Machines Sabotaged 4 | . . . . . . . . . . 4 . . . . . . . . . . . . . . . Overloaded Fab Kills . | . . . . . . . . . . . . . . . . . . . . . . . . . . Hacking | -11 -10 -10 -8 -8 -8 -6 -6 -6 -6 -6 -5 -5 -5 -5 -4 -4 -4 -4 -4 -3 -3 -3 -2 -2 -2 --------- Run | Yrd Mat Sub Mat Sto Rec Fac Ext Cet Arc Hub Fac Upp Upp War Pro Fac Upp Upp Zhi Pro Res Qua Res Tes Frg Machines Accessed 173 | . 7 1 13 12 7 19 16 3 1 4 15 . 2 7 . 14 1 . 6 1 14 13 4 10 3 Terminals 122 | . 6 . 10 11 6 11 16 3 . 4 10 . 1 . . 12 . . . 1 9 11 1 7 3 Fabricators 11 | . . . . . . 3 . . . . 2 . . . . 2 . . . . 3 . . 1 . Repair Stations . | . . . . . . . . . . . . . . . . . . . . . . . . . . Recycling Units 1 | . 1 . . . . . . . . . . . . . . . . . . . . . . . . Scanalyzers 8 | . . . 2 . . 2 . . . . 1 . . . . . . . . . 1 1 . 1 . Garrison Access 13 | . . . 1 1 . 3 . . . . 2 . . . . . . . . . 1 1 3 1 . Total Hacks 932 | . 20 4 73 78 44 59 41 6 25 12 124 . 7 15 . 122 1 . 42 1 76 79 20 55 28 Successful 489 | . 11 4 39 41 31 27 19 5 25 5 63 . 7 15 . 47 1 . 42 1 35 30 8 23 10 Failed 438 | . 9 . 34 37 12 31 22 1 . 7 60 . . . . 74 . . . . 41 48 12 32 18 Catastrophic 73 | . . . 4 1 . 5 1 . . 1 13 . . . . 17 . . . . 10 8 2 7 4 Database Lockouts 5 | . . . . . 1 1 . . . . 1 . . . . 1 . . . . . 1 . . . Manual 453 | . 20 . 53 42 23 25 25 . . 10 53 . . . . 69 . . . 1 37 35 4 30 26 Terminals 721 | . 18 . 66 73 41 39 41 6 . 12 107 . 6 . . 102 . . . 1 58 76 7 40 28 Fabricators 61 | . . . . . . 11 . . . . 8 . . . . 20 . . . . 14 . . 8 . Repair Stations . | . . . . . . . . . . . . . . . . . . . . . . . . . . Recycling Units 2 | . 2 . . . . . . . . . . . . . . . . . . . . . . . . Scanalyzers 19 | . . . 4 . . 2 . . . . 4 . . . . . . . . . 2 2 . 5 . Garrison Access 38 | . . . 3 5 . 7 . . . . 5 . . . . . . . . . 2 1 13 2 . Terminal Hacks 279 | . . 4 18 25 20 8 11 5 25 1 35 . 7 15 . 20 1 . 42 1 13 18 2 6 2 Record 86 | . . 4 . . 1 . . 4 25 . . . 6 13 . . . . 30 1 . 2 . . . Part Schematic 16 | . . . . 2 . . . . . 1 5 . . . . 1 . . 4 . 1 1 . 1 . Robot Schematic 5 | . . . . . . . . . . . 3 . . . . . . . . . . 1 . 1 . Robot Analysis 20 | . . . . 2 2 . . . . . 2 . . . . 6 . . 4 . . 3 . . 1 Prototype ID Bank 26 | . . . 5 5 3 1 . . . . 2 . . . . 3 . . 4 . 1 1 1 . . Open Door 18 | . . . . 4 . . 9 1 . . . . 1 2 . . 1 . . . . . . . . Level Access Points 6 | . . . . 2 1 . . . . . 1 . . . . . . . . . . 1 . 1 . Branch Access Points 9 | . . . 1 1 1 1 . . . . 2 . . . . . . . . . . 1 . 1 1 Machine Index 2 | . . . . . . . . . . . 1 . . . . 1 . . . . . . . . . Terminal Index 9 | . . . 1 2 1 . 1 . . . 1 . . . . . . . . . 1 1 . 1 . Scanalyzer Index 4 | . . . . 1 1 . . . . . 1 . . . . 1 . . . . . . . . . Garrison Index 1 | . . . . . . 1 . . . . . . . . . . . . . . . . . . . Alert Level 15 | . . . 3 . 1 1 . . . . 3 . . . . 1 . . . . 4 2 . . . Unreport Threat 16 | . . . 2 . 1 2 . . . . 2 . . . . 3 . . . . 4 2 . . . Locate Traps 3 | . . . 1 1 . . . . . . 1 . . . . . . . . . . . . . . Patrol Status 1 | . . . . . . . . . . . 1 . . . . . . . . . . . . . . Extermination Status 1 | . . . . . . . . . . . 1 . . . . . . . . . . . . . . Recall Extermination 3 | . . . . . . . . . . . 2 . . . . 1 . . . . . . . . . Hauler Manifests 8 | . . . . 2 1 . . . . . 1 . . . . 1 . . . . 1 1 1 . . Registered Components 7 | . . . 1 1 1 . 1 . . . 1 . . . . 1 . . . . 1 . . . . Registered Prototypes 6 | . . . 1 1 1 . . . . . 1 . . . . 1 . . . . . 1 . . . Zone Layout 15 | . . . 3 1 3 2 . . . . 4 . . . . . . . . . . 1 . 1 . Release Object 2 | . . . . . 2 . . . . . . . . . . . . . . . . . . . . Fabricator Hacks 22 | . . . . . . 5 . . . . 4 . . . . 5 . . . . 5 . . 3 . Network Status 5 | . . . . . . 2 . . . . . . . . . 1 . . . . 1 . . 1 . Load Schematic 9 | . . . . . . 2 . . . . 2 . . . . 2 . . . . 2 . . 1 . Build 8 | . . . . . . 1 . . . . 2 . . . . 2 . . . . 2 . . 1 . Repair Station Hacks . | . . . . . . . . . . . . . . . . . . . . . . . . . . Recycling Unit Hacks . | . . . . . . . . . . . . . . . . . . . . . . . . . . Scanalyzer 12 | . . . 3 . . 1 . . . . 3 . . . . . . . . . 2 1 . 2 . Retrieve Study 12 | . . . 3 . . 1 . . . . 3 . . . . . . . . . 2 1 . 2 . Garrison Access Hacks 8 | . . . . 1 . 3 . . . . . . . . . . . . . . . . 3 1 . Seal Access 8 | . . . . 1 . 3 . . . . . . . . . . . . . . . . 3 1 . Unauthorized Hacks 166 | . 9 . 18 15 11 10 8 . . 4 21 . . . . 22 . . . . 15 11 3 11 8 Terminals 144 | . 9 . 16 14 11 8 8 . . 4 14 . . . . 17 . . . . 11 11 2 11 8 Track 20 | . . . 2 3 1 . . . . . 3 . . . . 4 . . . . 2 2 . 2 1 Assimilate 13 | . 1 . . . . . 2 . . . 1 . . . . 4 . . . . 1 1 . 1 2 Botnet 36 | . 3 . 4 3 3 3 2 . . . 3 . . . . 3 . . . . 3 3 1 3 2 Disrupt 7 | . . . 3 2 1 . . . . . 1 . . . . . . . . . . . . . . Operators 7 | . . . 1 1 1 . 1 . . . 1 . . . . 1 . . . . . . . . 1 Skim 57 | . 5 . 6 5 5 5 3 . . . 5 . . . . 5 . . . . 5 5 1 5 2 Sabotage 4 | . . . . . . . . . . 4 . . . . . . . . . . . . . . . Fabricators 11 | . . . . . . 1 . . . . 3 . . . . 5 . . . . 2 . . . . Prioritize 5 | . . . . . . . . . . . 2 . . . . 2 . . . . 1 . . . . Fabnet 3 | . . . . . . . . . . . . . . . . 2 . . . . 1 . . . . Haulers 3 | . . . . . . 1 . . . . 1 . . . . 1 . . . . . . . . . Repair Stations . | . . . . . . . . . . . . . . . . . . . . . . . . . . Recycling Units . | . . . . . . . . . . . . . . . . . . . . . . . . . . Scanalyzers . | . . . . . . . . . . . . . . . . . . . . . . . . . . Garrison Access 11 | . . . 2 1 . 1 . . . . 4 . . . . . . . . . 2 . 1 . . Broadcast 1 | . . . . . . . . . . . 1 . . . . . . . . . . . . . . Reprogram 4 | . . . 1 . . . . . . . 2 . . . . . . . . . 1 . . . . Watchers 6 | . . . 1 1 . 1 . . . . 1 . . . . . . . . . 1 . 1 . . Data Cores Recovered 8 | . . . . . . 3 2 . . . . . . . . 1 . . . . . 2 . . . Used . | . . . . . . . . . . . . . . . . . . . . . . . . . . Hacking Detections 116 | . 7 . 11 7 6 13 8 1 . . 12 . . . . 13 . . . . 12 12 2 9 3 Full Trace Events 13 | . 1 . . . . 4 1 . . . 2 . . . . 2 . . . . 2 . . 1 . Feedback Events 1 | . . . . . . . 1 . . . . . . . . . . . . . . . . . . Corruption 1 | . . . . . . . 1 . . . . . . . . . . . . . . . . . . Feedback Blocked . | . . . . . . . . . . . . . . . . . . . . . . . . . . Robot Schematics Acquired 5 | . . . . . . . . . . . 3 . . . . . . . . . . 1 . 1 . Robots Built . | . . . . . . . . . . . . . . . . . . . . . . . . . . Authchips . | . . . . . . . . . . . . . . . . . . . . . . . . . . Time . | . . . . . . . . . . . . . . . . . . . . . . . . . . Total Robot Build Rating . | . . . . . . . . . . . . . . . . . . . . . . . . . . Part Schematics Acquired 20 | . . . . 2 . . . . . 1 5 . . . . 1 . . 4 . 1 1 . 5 . Parts Built 12 | . . . . . . . . . . . 4 . . . . 4 . . . . 2 . . 2 . Authchips . | . . . . . . . . . . . . . . . . . . . . . . . . . . Time 436 | . . . . . . 84 . . . . 116 . . . . 61 . . . . 136 . . 39 . Total Part Build Rating 88 | . . . . . . . . . . . 28 . . . . 30 . . . . 16 . . 14 . Part Studies Acquired 12 | . . . 3 . . 1 . . . . 3 . . . . . . . . . 2 1 . 2 . Parts Repaired . | . . . . . . . . . . . . . . . . . . . . . . . . . . Time . | . . . . . . . . . . . . . . . . . . . . . . . . . . Parts Recycled . | . . . . . . . . . . . . . . . . . . . . . . . . . . Recycled Matter . | . . . . . . . . . . . . . . . . . . . . . . . . . . Retrieved Matter . | . . . . . . . . . . . . . . . . . . . . . . . . . . Retrieved Components . | . . . . . . . . . . . . . . . . . . . . . . . . . . Parts Scanalyzed . | . . . . . . . . . . . . . . . . . . . . . . . . . . Part Schematics Acquired . | . . . . . . . . . . . . . . . . . . . . . . . . . . Parts Damaged . | . . . . . . . . . . . . . . . . . . . . . . . . . . Bothacking | -11 -10 -10 -8 -8 -8 -6 -6 -6 -6 -6 -5 -5 -5 -5 -4 -4 -4 -4 -4 -3 -3 -3 -2 -2 -2 ------------ Run | Yrd Mat Sub Mat Sto Rec Fac Ext Cet Arc Hub Fac Upp Upp War Pro Fac Upp Upp Zhi Pro Res Qua Res Tes Frg Used RIF Installer . | . . . . . . . . . . . . . . . . . . . . . . . . . . Robots Hacked 16 | . . . . . . . . . . . . . . . . . . . . 1 2 1 12 . . Non-combat . | . . . . . . . . . . . . . . . . . . . . . . . . . . Combat 16 | . . . . . . . . . . . . . . . . . . . . 1 2 1 12 . . Robot Hacks Applied . | . . . . . . . . . . . . . . . . . . . . . . . . . . Relay Couplers Released 2 | . . . . . . . . . . . . . . . . . . . . . . . 2 . . Machine Destruction 2 | . . . . . . . . . . . . . . . . . . . . . . . 2 . . Fabnet Peak Effective % 6 | . . . . . . . . . . . . . . . . . . . . 6 6 6 5 5 5 Autooverrided 16 | . . . . . . . . . . . . . . . . . . . . 1 2 1 12 . . Robots Rewired . | . . . . . . . . . . . . . . . . . . . . . . . . . . Allies Hacked 1 | . . . . . . . . . . . . . . . . . . . . . . . . 1 . Hacks Repelled . | . . . . . . . . . . . . . . . . . . . . . . . . . . Allies | -11 -10 -10 -8 -8 -8 -6 -6 -6 -6 -6 -5 -5 -5 -5 -4 -4 -4 -4 -4 -3 -3 -3 -2 -2 -2 -------- Run | Yrd Mat Sub Mat Sto Rec Fac Ext Cet Arc Hub Fac Upp Upp War Pro Fac Upp Upp Zhi Pro Res Qua Res Tes Frg Total Allies 67 | . 1 6 . 9 4 . 13 . . . 6 . . . . 3 . . . 1 7 2 12 1 2 Largest Group 13 | . 1 4 3 9 13 12 7 3 2 . 3 . . . . 2 . . . . 4 1 2 1 2 Highest-Rated Group 260 | . 10 76 57 157 233 214 260 215 184 . 98 . . . . 52 . . . . 188 82 106 45 55 Highest-Rated Ally 159 | . 10 19 19 29 29 29 159 159 159 . 49 . . . . 26 . . . . 48 82 67 45 45 Total Orders 1 | . . . . . . . . . . . . . . . . . . . . . . . . . 1 STAY 1 | . . . . . . . . . . . . . . . . . . . . . . . . . 1 Ally Attacks 278 | . . 20 24 19 24 52 32 19 . . 40 . . . . . . . . . 16 4 28 . . Total Damage 6758 | . . 382 503 268 347 746 908 416 . . 676 . . . . . . . . . 509 39 1964 . . Kills 44 | . . 2 10 4 3 9 5 2 . . 3 . . . . . . . . . 1 . 5 . . Allies Corrupted 5 | . . . . . . . 1 . . . . . . . . . . . . . 3 1 . . . Allies Melted . | . . . . . . . . . . . . . . . . . . . . . . . . . . Intel | -11 -10 -10 -8 -8 -8 -6 -6 -6 -6 -6 -5 -5 -5 -5 -4 -4 -4 -4 -4 -3 -3 -3 -2 -2 -2 ------- Run | Yrd Mat Sub Mat Sto Rec Fac Ext Cet Arc Hub Fac Upp Upp War Pro Fac Upp Upp Zhi Pro Res Qua Res Tes Frg Active Infowar (turns) 12385 | . 522 1149 781 612 342 813 556 142 23 101 611 661 437 213 556 782 393 333 64 423 547 419 1237 549 119 Optics 190 | . . 186 . . . . . . . . . . . . . . . . . . . . 4 . . Sensors 1 | . . . . . . . . . . . . . . . . . . . . . . . 1 . . Terrain 3 | . . . . . . . . . . . . . . . . . . . . . . . 3 . . Structural 12365 | . 522 1132 781 612 342 813 556 142 23 101 611 661 437 210 556 782 393 333 64 423 547 419 1237 549 119 Traps 1 | . . . . . . . . . . . . . . . . . . . . . . . 1 . . T.N.C. 2 | . . . . . . . . . . . . . . . . . . . . . . . 2 . . Machine Analysis 1 | . . . . . . . . . . . . . . . . . . . . . . . 1 . . Triangulation 1 | . . . . . . . . . . . . . . . . . . . . . . . 1 . . Cloaking 141 | . . . . . . . . . . . . . . 15 94 30 . . . . . . 2 . . Jamming 1 | . . . . . . . . . . . . . . . . . . . . . . . 1 . . ECM 2 | . . . . . . . . . . . . . . . . . . . . . . . 2 . . Robot Analysis Total 20 | . . . . 2 2 . . . . . 2 . . . . 6 . . 4 . . 3 . . 1 Derelict Logs Recovered 10 | . . 1 . . . . . . . . . 2 1 . 2 . 2 2 . . . . . . . Drone Launches . | . . . . . . . . . . . . . . . . . . . . . . . . . . Drone Recoveries . | . . . . . . . . . . . . . . . . . . . . . . . . . . Exploration | -11 -10 -10 -8 -8 -8 -6 -6 -6 -6 -6 -5 -5 -5 -5 -4 -4 -4 -4 -4 -3 -3 -3 -2 -2 -2 ------------- Run | Yrd Mat Sub Mat Sto Rec Fac Ext Cet Arc Hub Fac Upp Upp War Pro Fac Upp Upp Zhi Pro Res Qua Res Tes Frg Turns Passed 12467 | 10 547 1179 781 612 342 813 556 142 23 101 611 661 437 218 556 782 393 333 64 423 547 419 1237 549 131 Spaces Moved 26813 | 20 1053 2435 1461 757 736 2009 883 217 51 419 1291 1132 1025 737 967 1601 1034 922 174 1058 1204 892 3102 1357 276 Core 50 | 20 30 . . . . . . . . . . . . . . . . . . . . . . . . Treads . | . . . . . . . . . . . . . . . . . . . . . . . . . . Legs . | . . . . . . . . . . . . . . . . . . . . . . . . . . Wheels . | . . . . . . . . . . . . . . . . . . . . . . . . . . Hover . | . . . . . . . . . . . . . . . . . . . . . . . . . . Flight 26763 | . 1023 2435 1461 757 736 2009 883 217 51 419 1291 1132 1025 737 967 1601 1034 922 174 1058 1204 892 3102 1357 276 Fastest Speed 5 | 50 31 31 26 26 23 6 6 6 6 6 11 12 22 20 7 7 12 12 21 11 11 11 5 5 6 Average Speed 23 | 50 34 31 27 28 25 20 18 18 17 18 23 23 23 23 19 18 20 20 21 22 22 23 22 20 15 Slowest Speed 96 | 50 50 34 32 32 26 26 19 19 19 19 64 24 24 24 20 86 21 21 27 23 23 96 96 95 16 Overloaded Moves 266 | . . . . . . 5 41 16 7 28 29 15 . . 13 50 1 4 . 6 15 6 5 19 6 Propulsion Burnouts . | . . . . . . . . . . . . . . . . . . . . . . . . . . Robots Hopped 69 | . 13 1 2 4 1 10 3 . . 2 2 . . . . 8 . . . . 8 6 . 9 . Potential Cave-ins 11 | . . . . . . . . . . . . . . . . . . . . . . 11 . . . Cave-ins Triggered 3 | . . . . . . 1 . . . . . . . . . . . . . . . 2 . . . Exploration Rate (%) 73 | 4 98 66 91 90 98 51 74 79 68 53 39 98 91 93 93 41 94 96 62 98 40 95 86 96 14 Regions Visited 25 Branch Regions 18 Pre-discovered Areas 16 | . . 2 . 6 2 1 . . . . 1 . . . . 1 2 1 . . . . . . . Known Exits Taken 15 | . . . 1 1 1 1 1 . . 1 1 1 1 . 1 1 1 . . 1 1 1 . . . Unknown Exits Taken 10 | 1 1 1 . . . . . 1 1 . . . . 1 . . . 1 1 . . . 1 1 . Scrap Searched 33 | . . 17 . . . . . . . . . 2 4 . 2 . 2 2 . 4 . . . . . Spaces Dug 54 | . . . 3 2 2 5 . . . 1 5 . . . . 19 . . . . 3 3 3 8 . Terrain Destroyed 283 | . 137 25 4 2 2 5 . . . 1 5 . . . . 85 . . . . 3 3 3 8 . Melee 39 | . . . 3 2 2 5 . . . 1 5 . . . . 4 . . . . 3 3 3 8 . Projectile 1 | . . . 1 . . . . . . . . . . . . . . . . . . . . . . AOE 243 | . 137 25 . . . . . . . . . . . . . 81 . . . . . . . . . Terrain Rammed . | . . . . . . . . . . . . . . . . . . . . . . . . . . Walls Destroyed . | . . . . . . . . . . . . . . . . . . . . . . . . . . Machines Disabled . | . . . . . . . . . . . . . . . . . . . . . . . . . . Actions | -11 -10 -10 -8 -8 -8 -6 -6 -6 -6 -6 -5 -5 -5 -5 -4 -4 -4 -4 -4 -3 -3 -3 -2 -2 -2 --------- Run | Yrd Mat Sub Mat Sto Rec Fac Ext Cet Arc Hub Fac Upp Upp War Pro Fac Upp Upp Zhi Pro Res Qua Res Tes Frg Total 31424 | 19 1202 2782 1735 1092 864 2272 1133 303 62 427 1517 1416 1147 769 1266 1944 1176 1022 195 1198 1384 1058 3549 1543 349 Wait 2821 | . 121 298 178 258 110 165 138 66 11 . 159 177 47 12 238 136 113 62 5 99 82 81 125 87 53 Move 26653 | 19 1028 2432 1456 748 733 1990 876 216 50 414 1286 1131 1024 736 966 1585 1033 921 173 1057 1187 877 3101 1339 275 Hop 61 | . 11 1 2 4 1 8 3 . . . 2 . . . . 7 . . . . 8 6 . 8 . Pick Up 8 | . . . . 1 . . . . . . . . . . 1 1 . . 1 . 1 2 1 . . Fast Attach 216 | . 7 6 3 9 2 3 5 . . 1 7 . 3 8 1 12 . . 6 . 3 17 107 16 . Attach 1 | . . . . . . . . . . . . . . . . . . . . . . 1 . . . Detach 3 | . . . . . . . . . . . . . . . . . . . . . . . 3 . . Swap 63 | . 3 3 7 5 . 8 1 . . . 3 . 4 . . 9 . . 1 . 2 . 3 13 1 Drop 217 | . 2 5 4 10 . 7 4 . . . 8 . 6 7 1 14 . . 6 . 6 17 104 16 . Fire 64 | . 18 36 10 . . . . . . . . . . . . . . . . . . . . . . Melee 759 | . . . 47 32 11 65 74 8 1 7 35 42 36 6 30 95 20 26 3 24 56 30 56 46 9 Ram . | . . . . . . . . . . . . . . . . . . . . . . . . . . Kick . | . . . . . . . . . . . . . . . . . . . . . . . . . . Crush . | . . . . . . . . . . . . . . . . . . . . . . . . . . Escape Stasis 5 | . . . . . . . . . . 2 . . . . . . . . . . . 2 . . 1 Rewire . | . . . . . . . . . . . . . . . . . . . . . . . . . . Trap . | . . . . . . . . . . . . . . . . . . . . . . . . . . Miscellaneous 553 | . 12 1 28 25 7 26 32 13 . 3 17 66 27 . 29 85 10 13 . 18 39 25 49 18 10 Route ------- -11/Scrapyard -10/Materials (discovered 6 exits: [*Mat x3] / [*Min x2] / *Sub) -10/Subcaves (discovered 2 exits: *Mat / *Rec) -8/Materials (discovered 5 exits: *Fac x3 / *Sto x2) -8/Storage (discovered 2 exits: *Fac / *Rec) -8/Recycling -6/Factory (discovered 7 exits: *Fac x3 / *Low x2 / *Ext x2) -6/Extension (discovered 3 exits: *Fac x2 / *Cet) -6/Cetus (discovered 2 exits: Fac / *Arc) -6/Archives -6/Hub_04(d) (discovered 2 exits: *Fac x2) -5/Factory (discovered 6 exits: *Fac x4 / *Upp x2) -5/Upper Caves -5/Upper Caves (discovered 2 exits: *Fac / *War) -5/Warlord -4/Proximity Caves -4/Factory (discovered 6 exits: *Res x4 / *Upp x2) -4/Upper Caves -4/Upper Caves (discovered 2 exits: *Res / *Zhi) -4/Zhirov -3/Proximity Caves -3/Research (discovered 5 exits: *Res x3 / *Arm / *Qua) -3/Quarantine -2/Research (discovered 4 exits: *Acc x2 / *Tes x2) -2/Testing (discovered 3 exits: *Acc / [*Sec] / *Frg) -2/Protoforge (discovered 1 exit: Acc) History --------- Turn | Location | Event 4 | -11/Scrapyard | Discovered new exit (range 15) 11 | -11/Scrapyard | Entered Materials 25 | -10/Materials | Upgraded with Propulsion slot (x3) 76 | -10/Materials | Discovered new exit (range 8) 169 | -10/Materials | Discovered new exit (range 12) 203 | -10/Materials | Destroyed 7 combat bots 263 | -10/Materials | Reached level 2 293 | -10/Materials | Discovered new exit (range 7) 302 | -10/Materials | Build established: Mutant 326 | -10/Materials | Discovered new exit (range 15) 358 | -10/Materials | Discovered new exit (range 15) 545 | -10/Materials | Discovered new exit (range 7) 558 | -10/Materials | Entered Subcaves 558 | -10/Subcaves | Accompanied by 1 ally 559 | -10/Subcaves | Approached by a straggling Scientist 617 | -10/Subcaves | Learned location of Zion (-7) 617 | -10/Subcaves | Met a Zionite searching for "candidates" 642 | -10/Subcaves | Discovered new exit (range 16) 651 | -10/Subcaves | Build established: Sprinter 684 | -10/Subcaves | Curiously followed by a Cobbler waking with a query about "LVR3C" 699 | -10/Subcaves | Discovered new exit (range 15) 701 | -10/Subcaves | Reached level 3 726 | -10/Subcaves | Upgraded with Utility slot (x1) 862 | -10/Subcaves | Upgraded with Weapon slot (x1) 880 | -10/Subcaves | Visited triangular shrine 885 | -10/Subcaves | Found Prototype Device 885 | -10/Subcaves | Identified V3-11A's Pendant 930 | -10/Subcaves | Upgraded with Utility slot (x1) 931 | -10/Subcaves | Befriended Subdweller 1003 | -10/Subcaves | Visited 4L-MR0's lab 1016 | -10/Subcaves | Befriended Subdweller 1223 | -10/Subcaves | Ambushed by Subdwellers from Twisted Machinery 1236 | -10/Subcaves | Befriended Subdweller 1236 | -10/Subcaves | Befriended Subdweller 1246 | -10/Subcaves | Befriended Subdweller 1341 | -10/Subcaves | Befriended Subdweller 1463 | -10/Subcaves | Visited Clippyterm 1464 | -10/Subcaves | Learned Factory trap positions 1539 | -10/Subcaves | Build established: Derelict-Sprinter 1737 | -10/Subcaves | Entered Materials 1737 | -8/Materials | Accompanied by 3 allies 1739 | -8/Materials | Reached level 4 1799 | -8/Materials | Discovered new exit (range 16) 1889 | -8/Materials | Reached level 5 2018 | -8/Materials | Discovered new exit (range 9) 2058 | -8/Materials | Build established: Hacker-Sprinter 2147 | -8/Materials | Reached level 6 2198 | -8/Materials | Upgraded with Utility slot (x1) 2204 | -8/Materials | Identified exit to Storage 2261 | -8/Materials | Learned 2 Storage zone layouts 2306 | -8/Materials | Learned Factory emergency access door positions 2333 | -8/Materials | Discovered new exit (range 8) 2342 | -8/Materials | Learned location of 1 exit from Lower Caves 2368 | -8/Materials | Learned Storage security intel 2386 | -8/Materials | Identified exit to Factory 2416 | -8/Materials | Learned Storage stockpile data 2453 | -8/Materials | Core integrity fell below 50% 2455 | -8/Materials | Learned 4 Lower Caves zone layouts 2518 | -8/Materials | Entered Storage 2520 | -8/Storage | Reached level 7 2562 | -8/Storage | Identified exit to Recycling 2567 | -8/Storage | Upgraded with Weapon slot (x1) 2618 | -8/Storage | Upgraded with Utility slot (x1) 2633 | -8/Storage | Assisted by bots powering up and referring to "LRC-V3" 2669 | -8/Storage | Reached level 8 2674 | -8/Storage | Upgraded with Weapon slot (x1) 2742 | -8/Storage | Allied Derelicts emerged from ambush trap array 2810 | -8/Storage | Met 01-MTF 2918 | -8/Storage | Build established: Commander-Sprinter 2939 | -8/Storage | Reached level 9 2952 | -8/Storage | Learned location of Recycling (-8) 2982 | -8/Storage | Learned 4 Lower Caves zone layouts 2998 | -8/Storage | Watched by a mysterious "MATRIX" hacker. 3019 | -8/Storage | Learned location of 1 exit from Extension 3020 | -8/Storage | Learned location of 1 exit from Extension 3030 | -8/Storage | Learned Factory trap positions 3130 | -8/Storage | Entered Recycling 3130 | -8/Recycling | Accompanied by 10 allies (01-MTF) 3132 | -8/Recycling | Reached level 10 3146 | -8/Recycling | Befriended Subdweller 3146 | -8/Recycling | Befriended Subdweller 3170 | -8/Recycling | Upgraded with Utility slot (x1) 3176 | -8/Recycling | Befriended Subdweller 3179 | -8/Recycling | Upgraded with Propulsion slot (x1) 3241 | -8/Recycling | Befriended Subdweller 3244 | -8/Recycling | Identified exit to Factory 3342 | -8/Recycling | Entered Scraplab 3408 | -8/Recycling | Learned 4 Factory zone layouts 3424 | -8/Recycling | Learned 12 Factory zone layouts 3449 | -8/Recycling | Learned location of 2 exits from Lower Caves 3472 | -8/Recycling | Entered Factory 3472 | -6/Factory | Accompanied by 12 allies 3473 | -6/Factory | Identified exit to Extension 3474 | -6/Factory | Identified exit to Lower Caves 3474 | -6/Factory | Reached level 11 3475 | -6/Factory | Loaded intel: 89 trap records 3619 | -6/Factory | Discovered new exit (range 11) 3628 | -6/Factory | Central database locked down 3740 | -6/Factory | Reached level 12 3786 | -6/Factory | Upgraded with Utility slot (x1) 3904 | -6/Factory | Reached level 13 3911 | -6/Factory | Upgraded with Weapon slot (x1) 3954 | -6/Factory | Lost 3 allies 4058 | -6/Factory | Fabricated Microactuators? 4067 | -6/Factory | Crushed by falling debris 4072 | -6/Factory | Discovered new exit (range 10) 4120 | -6/Factory | Learned 4 Lower Caves zone layouts 4125 | -6/Factory | Reached level 14 4157 | -6/Factory | Learned 2 Lower Caves zone layouts 4184 | -6/Factory | Learned location of Upper Caves (-4) 4202 | -6/Factory | Learned 2 Extension zone layouts 4206 | -6/Factory | Build established: Hacker-Sprinter 4212 | -6/Factory | Learned Extension emergency access door positions 4213 | -6/Factory | Learned location of 1 exit from Cetus 4214 | -6/Factory | Learned location of 1 exit from Extension 4215 | -6/Factory | Learned location of 1 exit from Extension 4221 | -6/Factory | Identified exit to Factory 4238 | -6/Factory | Learned location of 1 exit from Proximity Caves 4263 | -6/Factory | Learned Hub_04(d) non-interactive machine intel 4285 | -6/Factory | Entered Extension 4286 | -6/Extension | Identified exit to Cetus 4287 | -6/Extension | Reached level 15 4422 | -6/Extension | Rescued a captive Derelict 4423 | -6/Extension | Rescued a captive Derelict 4423 | -6/Extension | Rescued a captive Derelict 4453 | -6/Extension | Rescued a captive Derelict 4456 | -6/Extension | Spotted B-75 Beast 4477 | -6/Extension | Reached level 16 4510 | -6/Extension | Disrupted transfer network 4571 | -6/Extension | Spotted B-75 Beast 4573 | -6/Extension | Rescued a captive Derelict 4621 | -6/Extension | Rescued a captive Derelict 4624 | -6/Extension | Reached level 17 4630 | -6/Extension | Rescued A7 4636 | -6/Extension | Rescued a captive Derelict 4658 | -6/Extension | Rescued a captive Derelict 4688 | -6/Extension | Rescued a captive Derelict 4688 | -6/Extension | Rescued a captive Derelict 4726 | -6/Extension | Reached level 18 4735 | -6/Extension | Lost 4 allies 4801 | -6/Extension | Destroyed 20 combat bots 4841 | -6/Extension | Entered Cetus 4841 | -6/Cetus | Accompanied by 3 allies (A7) 4844 | -6/Cetus | Spotted Cetus Guard 4846 | -6/Cetus | Acquired a Cetus Manufacturing Module code from A7 4853 | -6/Cetus | Spotted Cetus Guard 4853 | -6/Cetus | Spotted Cetus Guard 4853 | -6/Cetus | Spotted Cetus Guard 4862 | -6/Cetus | Destroyed Cetus Guard 4866 | -6/Cetus | Destroyed Cetus Guard 4866 | -6/Cetus | Core integrity fell below 50% 4872 | -6/Cetus | Allies destroyed Cetus Guard 4878 | -6/Cetus | Destroyed Cetus Guard 4919 | -6/Cetus | Escorted A7 to Cetus Mainframe 4934 | -6/Cetus | Discovered new exit (range 16) 4939 | -6/Cetus | Spotted Cetus Guard 4939 | -6/Cetus | Spotted Cetus Guard 4939 | -6/Cetus | Spotted Cetus Guard 4939 | -6/Cetus | Spotted Cetus Guard 4983 | -6/Cetus | Entered Archives 4983 | -6/Archives | Accompanied by 2 allies (A7) 4985 | -6/Archives | Met Zhirov 4985 | -6/Archives | Reached level 19 4987 | -6/Archives | Read partially decrypted archive contents 4991 | -6/Archives | Received a hacking code to weaken MAIN.C 4991 | -6/Archives | Reinforcements dispatched to Archives 4993 | -6/Archives | Discovered new exit (range 14) 5006 | -6/Archives | Entered Hub_04(d) 5007 | -6/Hub_04(d) | Loaded intel: 88 non-interactive machine locations 5033 | -6/Hub_04(d) | Upgraded with Utility slot (x1) 5037 | -6/Hub_04(d) | Network Hub disabled 5038 | -6/Hub_04(d) | Discovered exit to Factory (range 5) 5038 | -6/Hub_04(d) | Spotted Lightning 5038 | -6/Hub_04(d) | Spotted Lightning 5038 | -6/Hub_04(d) | Spotted Lightning 5055 | -6/Hub_04(d) | Network Hub disabled 5062 | -6/Hub_04(d) | Spotted Lightning 5070 | -6/Hub_04(d) | Network Hub disabled 5074 | -6/Hub_04(d) | Spotted Lightning 5086 | -6/Hub_04(d) | Discovered exit to Factory (range 15) 5093 | -6/Hub_04(d) | Spotted B-75 Beast 5099 | -6/Hub_04(d) | Network Hub disabled 5099 | -6/Hub_04(d) | Declared boring by mysterious "MATRIX" hacker. 5107 | -6/Hub_04(d) | Entered Factory 5108 | -5/Factory | Loaded intel: 113 trap records 5109 | -5/Factory | Reached level 20 5149 | -5/Factory | Discovered new exit (range 14) 5177 | -5/Factory | Identified exit to Upper Caves 5231 | -5/Factory | Reached level 21 5260 | -5/Factory | Upgraded with Utility slot (x1) 5334 | -5/Factory | Central database locked down 5334 | -5/Factory | Identified exit to Factory 5381 | -5/Factory | Learned location of 2 exits from Factory 5386 | -5/Factory | Fabricated Adv. Reaction Control System? 5407 | -5/Factory | Search patrols dispatched 5409 | -5/Factory | Core integrity fell below 50% 5457 | -5/Factory | Learned Extension stockpile data 5486 | -5/Factory | Fabricated Adv. Target Analyzer? 5487 | -5/Factory | Core integrity fell below 20% 5602 | -5/Factory | Garrison activated, responded to threat 5651 | -5/Factory | Learned location of 1 exit from Armory 5674 | -5/Factory | Learned location of 2 exits from Upper Caves 5707 | -5/Factory | Search patrols dispatched 5709 | -5/Factory | Learned Research terminal intel 5718 | -5/Factory | Entered Upper Caves 5719 | -5/Upper Caves | Identified exit to Upper Caves 5741 | -5/Upper Caves | Attracted the attention of an 0b10 outpost 5789 | -5/Upper Caves | Reached level 22 5854 | -5/Upper Caves | Destroyed 7 combat bots 5878 | -5/Upper Caves | Learned Factory emergency access door positions 5936 | -5/Upper Caves | Attracted the attention of an 0b10 checkpoint 6379 | -5/Upper Caves | Entered another Upper Caves area 6380 | -5/Upper Caves | Identified exit to Warlord 6386 | -5/Upper Caves | Discovered exit to Factory (range 15) 6542 | -5/Upper Caves | Attracted the attention of an 0b10 checkpoint 6595 | -5/Upper Caves | Attracted the attention of an 0b10 base 6603 | -5/Upper Caves | Reached level 23 6658 | -5/Upper Caves | Learned 4 Factory zone layouts 6659 | -5/Upper Caves | Learned location of 2 exits from Upper Caves 6659 | -5/Upper Caves | Learned location of 1 exit from Factory 6659 | -5/Upper Caves | Learned 8 Research zone layouts 6659 | -5/Upper Caves | Learned Research stockpile data 6672 | -5/Upper Caves | Attacked by a delusional Derelict stockpiling parts 6733 | -5/Upper Caves | Encountered a Warlord checkpoint 6756 | -5/Upper Caves | Upgraded with Propulsion slot (x1) 6757 | -5/Upper Caves | Upgraded with Power slot (x1) 6816 | -5/Upper Caves | Entered Warlord 6869 | -5/Warlord | Learned Research security intel 6869 | -5/Warlord | Learned Factory repair station intel 6869 | -5/Warlord | Learned Armory scanalyzer intel 6869 | -5/Warlord | Learned Research garrison access intel 6869 | -5/Warlord | Learned 4 Testing zone layouts 6869 | -5/Warlord | Learned Quarantine stockpile data 6915 | -5/Warlord | Met Warlord 6924 | -5/Warlord | Visited the Vortex Lab 6930 | -5/Warlord | Warlord's base attacked by MAIN.C 6984 | -5/Warlord | Found Prototype Reactor 6984 | -5/Warlord | Identified Vortex Chain Reactor 6993 | -5/Warlord | Found Prototype Device 6993 | -5/Warlord | Identified Exp. Cloaking Device 7001 | -5/Warlord | Upgraded with Utility slot (x1) 7022 | -5/Warlord | Opened side exit 7033 | -5/Warlord | Discovered new exit (range 10) 7034 | -5/Warlord | Entered Proximity Caves 7041 | -4/Proximity Caves | Reached level 24 7060 | -4/Proximity Caves | Spotted B-86 Titan 7087 | -4/Proximity Caves | Destroyed B-86 Titan 7131 | -4/Proximity Caves | Attracted the attention of an 0b10 outpost 7275 | -4/Proximity Caves | Learned location of 1 exit from Research 7293 | -4/Proximity Caves | Attracted the attention of an 0b10 checkpoint 7374 | -4/Proximity Caves | Learned 4 Research zone layouts 7590 | -4/Proximity Caves | Entered Factory 7591 | -4/Factory | Identified exit to Research 7591 | -4/Factory | Identified exit to Upper Caves 7594 | -4/Factory | Loaded intel: 6 repair station locations 7618 | -4/Factory | Reached level 25 7728 | -4/Factory | Discovered exit to Research (range 7) 7752 | -4/Factory | Upgraded with Utility slot (x1) 7893 | -4/Factory | Fabricated Nanoactuators (x2) 7932 | -4/Factory | Fabricated Q-thruster? 7961 | -4/Factory | Reached level 26 8055 | -4/Factory | Destroyed 12 combat bots 8090 | -4/Factory | First assault squad dispatched 8107 | -4/Factory | Spotted B-86 Titan 8112 | -4/Factory | Destroyed B-86 Titan 8186 | -4/Factory | Upgraded with Utility slot (x1) 8189 | -4/Factory | Discovered exit to Upper Caves (range 6) 8278 | -4/Factory | Central database locked down 8338 | -4/Factory | Learned location of 1 exit from Research 8354 | -4/Factory | Learned Testing interactive machine intel 8372 | -4/Factory | Entered Upper Caves 8373 | -4/Upper Caves | Identified exit to Upper Caves 8404 | -4/Upper Caves | Learned location of Armory (-3) 8409 | -4/Upper Caves | Learned location of Testing (-2) 8466 | -4/Upper Caves | Attracted the attention of an 0b10 outpost 8597 | -4/Upper Caves | Destroyed 11 combat bots 8765 | -4/Upper Caves | Entered another Upper Caves area 8780 | -4/Upper Caves | Reached level 27 8888 | -4/Upper Caves | Destroyed 8 combat bots 8895 | -4/Upper Caves | Encountered a Warlord checkpoint 8909 | -4/Upper Caves | Discovered new exit (range 12) 8963 | -4/Upper Caves | Attracted the attention of an 0b10 checkpoint 9053 | -4/Upper Caves | Learned 12 Research zone layouts 9098 | -4/Upper Caves | Entered Zhirov 9098 | -4/Zhirov | Discovered new exit (range 3) 9115 | -4/Zhirov | Found Alien Artifact 9115 | -4/Zhirov | Identified Integrated Reactor 9115 | -4/Zhirov | Installed Integrated Reactor, increased core energy generation (+10) 9162 | -4/Zhirov | Entered Proximity Caves 9190 | -3/Proximity Caves | Attracted the attention of an 0b10 checkpoint 9205 | -3/Proximity Caves | Spotted B-86 Titan 9215 | -3/Proximity Caves | Destroyed B-86 Titan 9222 | -3/Proximity Caves | Acquired the password to a Derelict Tinkerer's latest research 9344 | -3/Proximity Caves | Discovered exit to Research (range 12) 9540 | -3/Proximity Caves | Reached level 28 9585 | -3/Proximity Caves | Entered Research 9586 | -3/Research | Identified exit to Armory 9587 | -3/Research | Identified exit to Quarantine 9587 | -3/Research | Identified exit to Research 9591 | -3/Research | Loaded intel: 22 terminal locations 9592 | -3/Research | Loaded intel: 4 garrison access locations 9813 | -3/Research | Reached level 29 9864 | -3/Research | Destroyed 15 combat bots 10025 | -3/Research | Fabricated Cld. Impulse Thruster? 10037 | -3/Research | Destroyed 7 combat bots 10041 | -3/Research | Fabricated Cld. Impulse Thruster (x1) 10047 | -3/Research | P-80 Master assimilated allied G-67 Veteran 10128 | -3/Research | Spotted B-90 Cyclops 10132 | -3/Research | Entered Quarantine 10185 | -3/Quarantine | Found Alien Slashing Weapon 10185 | -3/Quarantine | Identified Sigix Broadsword 10275 | -3/Quarantine | Found Alien Artifact 10275 | -3/Quarantine | Identified Subatomic Replicator 10280 | -3/Quarantine | Used Subatomic Replicator to replicate Sigix Broadsword 10309 | -3/Quarantine | Reached level 30 10335 | -3/Quarantine | Found Alien Artifact 10335 | -3/Quarantine | Identified Terrabomb 10335 | -3/Quarantine | Used Terrabomb 10357 | -3/Quarantine | Found Alien Impact Weapon 10357 | -3/Quarantine | Identified Core Stripper 10359 | -3/Quarantine | Upgraded with Weapon slot (x1) 10374 | -3/Quarantine | Crushed by falling debris 10375 | -3/Quarantine | Crushed by falling debris 10376 | -3/Quarantine | Core integrity fell below 50% 10381 | -3/Quarantine | Build established: Machinist-Sprinter 10429 | -3/Quarantine | Found Alien Artifact 10429 | -3/Quarantine | Identified Core Reset Matrix 10429 | -3/Quarantine | Used Core Reset Matrix 10433 | -3/Quarantine | Detected hypermatrix surge 10433 | -3/Quarantine | Sensed 11 artifacts in vicinity 10447 | -3/Quarantine | Learned Testing scanalyzer intel 10453 | -3/Quarantine | Spotted Alpha 7 10460 | -3/Quarantine | Destroyed Alpha 7 10481 | -3/Quarantine | Found Prototype Processor 10481 | -3/Quarantine | Identified Exp. Target Analyzer 10497 | -3/Quarantine | Learned Access emergency access door positions 10511 | -3/Quarantine | Central database locked down 10513 | -3/Quarantine | Discovered exit to Research (range 13) 10538 | -3/Quarantine | Learned location of 1 exit from Armory 10551 | -3/Quarantine | Entered Research 10551 | -2/Research | Accompanied by 1 ally 10551 | -2/Research | Warlord forces began assault on 0b10 10608 | -2/Research | Spotted B-90 Cyclops 10621 | -2/Research | Reached level 31 10621 | -2/Research | Destroyed B-90 Cyclops 10651 | -2/Research | Discovered new exit (range 15) 10661 | -2/Research | Research machine network offline 10819 | -2/Research | Spotted Executioner 10846 | -2/Research | Spotted Executioner 10847 | -2/Research | Destroyed Executioner 10856 | -2/Research | Destroyed Executioner 10868 | -2/Research | Found Prototype Device 10868 | -2/Research | Identified Adv. Kinecellerator 10870 | -2/Research | Found Prototype Processor 10870 | -2/Research | Identified Exp. Core Analyzer 10877 | -2/Research | Found Prototype Processor 10877 | -2/Research | Identified Exp. Targeting Computer 10935 | -2/Research | Discovered new exit (range 12) 10994 | -2/Research | Found Prototype Device 10994 | -2/Research | Identified Exp. ECM Suite 11102 | -2/Research | Spotted Striker 11138 | -2/Research | Spotted Executioner 11138 | -2/Research | Spotted Executioner 11236 | -2/Research | Destroyed Striker 11291 | -2/Research | Met up with Warlord 11292 | -2/Research | Met DD-05H 11312 | -2/Research | Discovered new exit (range 15) 11332 | -2/Research | Borebot progress halted 11374 | -2/Research | Discovered new exit (range 13) 11422 | -2/Research | Found Prototype Processor 11422 | -2/Research | Identified Exp. Melee Analysis Suite 11499 | -2/Research | Build established: Hacker-Sprinter 11603 | -2/Research | Reached level 32 11788 | -2/Research | Entered Testing 11789 | -2/Testing | Loaded intel: 3 scanalyzer locations 11832 | -2/Testing | Found Prototype Device 11832 | -2/Testing | Identified 2N-1CE's Frost Array 11879 | -2/Testing | Lost 5 allies 11879 | -2/Testing | Found Prototype Device 11879 | -2/Testing | Identified Exp. EM Shield 11893 | -2/Testing | Found Unknown Device 11893 | -2/Testing | Identified Launcher Loader 11966 | -2/Testing | Fabricated Adv. Actuator Array? 12038 | -2/Testing | First assault squad dispatched 12052 | -2/Testing | Found Prototype Device 12052 | -2/Testing | Identified Exp. Thermal Shield 12072 | -2/Testing | Spotted PX-1Z2BQB9MRZ 12081 | -2/Testing | Discovered new exit (range 14) 12095 | -2/Testing | Identified exit to Access 12136 | -2/Testing | Learned location of 2 exits from Research 12143 | -2/Testing | Found Prototype Device 12143 | -2/Testing | Identified Exp. Focal Shield 12252 | -2/Testing | Learned Access machine intel 12265 | -2/Testing | Spotted Fortress 12278 | -2/Testing | Core integrity fell below 50% 12292 | -2/Testing | Destroyed Fortress 12304 | -2/Testing | Found Prototype Device 12304 | -2/Testing | Identified Exp. Force Field 12318 | -2/Testing | Discovered new exit (range 6) 12318 | -2/Testing | Discovered new exit (range 7) 12337 | -2/Testing | Entered Protoforge 12338 | -2/Protoforge | Sensed 2 artifacts in vicinity 12339 | -2/Protoforge | Reached level 33 12339 | -2/Protoforge | Spotted Hotshot 12339 | -2/Protoforge | Spotted Hotshot 12382 | -2/Protoforge | Spotted Hotshot 12382 | -2/Protoforge | Spotted Hotshot 12394 | -2/Protoforge | Spotted Hotshot 12394 | -2/Protoforge | Spotted Hotshot 12394 | -2/Protoforge | Spotted Hotshot 12394 | -2/Protoforge | Superfortress began startup sequence 12395 | -2/Protoforge | Spotted Hotshot 12449 | -2/Protoforge | Spotted AP7-3 12450 | -2/Protoforge | Spotted AP7-3 12451 | -2/Protoforge | Spotted Decapitator 12451 | -2/Protoforge | Spotted Decapitator 12453 | -2/Protoforge | Spotted Decapitator 12453 | -2/Protoforge | Spotted Decapitator 12457 | -2/Protoforge | Destroyed Decapitator 12457 | -2/Protoforge | Destroyed Decapitator 12460 | -2/Protoforge | Destroyed Decapitator 12466 | -2/Protoforge | Core integrity fell below 20% 12468 | -2/Protoforge | Destroyed by AP7-3 with Enhanced Gamma Rifle Last Messages --------------- Decapitator. 12460_ Decapitator Prototype Flight Unit severed. 12460_ Nanosword follow-up attack on Decapitator. 12460_ Decapitator destroyed. 12462_ Decapitator Prototype Launcher severed. 12462_ Vibroblade follow-up attack on Decapitator. 12462_ Decapitator Prototype Flight Unit severed. 12465_ Vibroblade follow-up attack on Decapitator. 12465_ Decapitator Prototype Slashing Weapon severed. 12465_ Nanosword follow-up attack on Decapitator. 12465_ Penetrated by Slug. 12468_ Imp. Corruption Screen intercepted 1% system corruption. Map ----- +----------------------------------------------------+ | ?????????????????????????????????????????????????? | | ?????????????????????????????????????????????????? | | ?????????????????????????????????????????????????? | | ?????????????????????????????????????????????????? | | ??????????????????????#####??????????????????????? | | ?????????????????? ###########???????????????????? | | ??????????????## ? #####*#####???????????????????? | | ??????????????## ? # ![ ##???????????????????? | | ??????????????## # """ ""##???????????????????? | | ????????????##"? # """ ""##???????????????????? | | ????????????##T # """ ""##???????????????????? | | ????????????#### / T##???????????????????? | | ??????????? # """! ""##???????????????????? | | ????????????? ? # """! ""##???????????????????? | | ?????????????? # """* ""##???????????????????? | | ??????????????## # ##???????????????????? | | ?????????????? # ####+######???????????????????? | | ?????????????? # #### ######???????????????????? | | ?????????????? + #### ##???????????????????????? | | ?????????????? # #### ##???????????????????????? | | ?????????????? # #### ####?????????????????????? | | ?????????????? # ####/####?????????????????????? | | ??????????????## # =77T!##?????????????????????? | | ????????## ???## #=]=*=*##?????????????????????? | | ??######## ##### #%=//c=##?????????????????????? | | ??######## ##### g g=%"""@##?????????????????????? | | ?? gg # =!=]%##?????????????????????? | | ?? g/ /=##?????????????????????? | | ?? gg #########?????????????????????? | | ###???###########+##########?????????????????????? | | ###???######## ##?????????????????????????? | | ##?????????## """ ##?????????????????????????? | | ##? ##?????## """ ##?????????????????????????? | | ##? ######### """ ##?????????????????????????? | | ##? ######### ##?????????????????????????? | | ##? # # """ ##?????????????????????????? | | ### # + """ ##?????????????????????????? | | #### # # """ ##?????????????????????????? | | # """ # ##?????????????????????????? | | # """ ###########?????????????????????????? | | + """ ###########?????????????????????????? | | # """ ##??????????????????????????????????? | | # """ ##??????????????????????????????????? | | ###### """ ##??????????????????????????????????? | | ###### """ ##??????????????????????????????????? | | + ##??????????????????????????????????? | | ###############??????????????????????????????????? | | ###############??????????????????????????????????? | | ?????????????????????????????????????????????????? | | ?????????????????????????????????????????????????? | +----------------------------------------------------+ Best States ------------- Heat Dissipation 67 Energy Generation 62 Energy Capacity 300 Matter Stores 300 Matter Capacity 300 Sight Range 21 Terrain Scan Range 14 Terrain Scan Density 10 Cloak Strength 4 Power Amplification 40 Corruption Containment 12 Corruption Block 15 Resistance: KI 25 Point Defense Rating 240 Melee Speed Boost 30 Phase Shifting 15 Evasion (%) 95 Melee Accuracy 14 Launcher Accuracy 30 Target Analysis 10 Core Analysis 8 Armor Integrity Analysis 40 Force Boost 20 Salvage Targeting 3 Offensive Hacking 10 Defensive Hacking 27 Item Schematics ----------------- Adv. Actuator Array | -2/Testing | Hacked Exp. Core Analyzer | -2/Testing | Archive Prc. Matter Filter | -2/Testing | Archive Exp. Melee Analysis Suite | -2/Testing | Archive Exp. Thermal Shield | -2/Testing | Archive Robot Schematics ------------------ M-36 Artificer | -3/Quarantine | Hacked D-83 Annihilator | -2/Testing | Hacked Fabricated ------------ Adv. Reaction Control System | x2 | -5/Factory Adv. Target Analyzer | x2 | -5/Factory Nanoactuators | x2 | -4/Factory Q-thruster | x2 | -4/Factory Cld. Impulse Thruster | x1 | -3/Research Cld. Impulse Thruster | x1 | -3/Research Adv. Actuator Array | x2 | -2/Testing Repaired ---------- Nothing Studied --------- Q-thruster | -3/Quarantine | Hacked Lgt. Angular Momentum Engine | -2/Testing | Hacked Mic. Antimatter Reactor | -2/Testing | Hacked Alien Tech Used ----------------- Integrated Reactor Sigix Broadsword Subatomic Replicator Terrabomb Core Stripper Core Reset Matrix Achievements -------------- Doshington I Have Friends Everywhere Please No, Not That SUBSUB Challenges ------------ None RPGLIKE | -11 -10 -10 -8 -8 -8 -6 -6 -6 -6 -6 -5 -5 -5 -5 -4 -4 -4 -4 -4 -3 -3 -3 -2 -2 -2 --------- Run | Yrd Mat Sub Mat Sto Rec Fac Ext Cet Arc Hub Fac Upp Upp War Pro Fac Upp Upp Zhi Pro Res Qua Res Tes Frg Levels Raised 32 | . 1 1 3 3 1 4 4 . 1 . 2 1 1 . 1 2 . 1 . 1 1 1 2 . 1 XP Earned 51432 | 3000 1986 1500 5193 4179 1614 5683 5969 624 391 870 3110 1293 878 234 1713 3116 428 452 82 1238 2302 1029 2770 1135 643 XP Spent 46095 | . 2800 2100 4200 3650 3700 4160 1100 . . 2300 2600 . 2310 3030 650 7670 . . . . . 5825 . . . Upgrades 50 | . 5 4 8 5 3 6 1 . . 1 1 . 3 2 2 4 . . . . . 5 . . . Power Slot 1 | . . . . . . . . . . . . . 1 . . . . . . . . . . . . Propulsion Slot 5 | . 3 . . . 1 . . . . . . . 1 . . . . . . . . . . . . Utility Slot 11 | . . 2 1 1 1 1 . . . 1 1 . . 1 . 2 . . . . . . . . . Weapon Slot 5 | . . 1 . 2 . 1 . . . . . . . . . . . . . . . 1 . . . Heat Dissipation 7 | . . . . . . 3 . . . . . . 1 1 1 1 . . . . . . . . . Energy Generation 3 | . . 1 . . . 1 . . . . . . . . . 1 . . . . . . . . . Energy Storage 2 | . . . . . . . . . . . . . . . . . . . . . . 2 . . . Mass Support 5 | . . . . 1 1 . 1 . . . . . . . . . . . . . . 2 . . . Inventory Capacity 2 | . . . . 1 . . . . . . . . . . 1 . . . . . . . . . . Melee Accuracy 4 | . . . 4 . . . . . . . . . . . . . . . . . . . . . . Hack Attack % 2 | . 1 . 1 . . . . . . . . . . . . . . . . . . . . . . Hack Defense % 3 | . 1 . 2 . . . . . . . . . . . . . . . . . . . . . . Protomatter Created 7059 | . 98 6 163 210 223 323 697 94 . 55 118 486 342 . 389 1177 448 168 143 217 772 188 418 196 128 Integrity Restored 10454 | . 209 24 523 545 129 460 512 282 . 72 354 1343 443 . 593 1650 145 228 . 277 648 537 867 385 228 Core 8111 | . 184 24 408 533 11 365 322 282 . 72 354 890 367 . 431 1185 113 177 . 213 514 497 618 323 228 Parts 2343 | . 25 . 115 12 118 95 190 . . . . 453 76 . 162 465 32 51 . 64 134 40 249 62 . Protomatter Decayed 6653 | . 26 140 188 79 311 351 565 55 . 31 120 . 210 54 118 502 160 22 77 119 545 49 2790 141 . Game ------ Seed SuperdenseDiametricMatter Manual? 0 Play Time 05:06:33 Cumulative 205.9 hours Start 2026.02.23 @ 14:48:53 End 2026.02.23 @ 22:48:53 Sessions 1 Manual Loads 0 Difficulty Rogue Special Mode Winter2019/RPGLIKE Game No. 206 Rogue 206 Adventurer 0 Explorer 0 Win Type - Total 14 Types 11/0/1/1/0/0/1/0/0/0 Lore% 65 Gallery% 57 Achievement% 51 Wizard Run 0 Options --------- Layout 2 ASCII 0 Keyboard 0 Movement Numpad Keybinds 0 Fullscreen 1 Font 24/Smallcaps Map View 50x44 Zoom Use 0% Tactical HUD 1 Map Filters NONE Filters NONE Steam 1 RUN: 49b606af-20fc-49ab-aa69-0c97009443bd